 Dungeon Crawl Stone Soup version 0.30.0-11-gf55b779eaf (webtiles) character file.

Game seed: 12130107617345839453

1478 mdonais the Protected (level 9, -10/72 HPs)
             Began as a Meteoran Fighter on May 17, 2023.
             Mangled by an orc warrior
             ... wielding a +0 glaive
              (17 damage)
             ... on level 7 of the Dungeon.
             The game lasted 00:14:32 (1560 turns).

mdonais the Protected (Meteoran Fighter)            Turns: 1560, Time: 00:14:32

Health: -10/72     AC:  9    Str: 17    XL:     9   Next: 27%
Magic:  10/10      EV:  7    Int: 11    God:
Gold:   219        SH:  5    Dex: 14    Spells: 8/8 levels left

rFire   . . .        m - +1 whip (elec)
rCold   + + +        c - +0 buckler
rNeg    . . .        j - +1 chain mail "Itrimn" {rPois rC+++ Regen+ Str-4}
rPois   +            (no helmet)
rElec   .            (no cloak)
rCorr   .            d - +0 pair of gloves
SInv    .            (no boots)
Will    +....        (no amulet) Stlth
                     (no ring)
HPRegen 1.12/turn    (no ring)
MPRegen 0.12/turn

%: clarity
@: glowing
A: sense surroundings 2, otherworldly, glowing, explore regen, clarity, deformed
body, frail 1, wild magic 1, evolution 1
a: no special abilities


You were on level 7 of the Dungeon.
You visited 1 branch of the dungeon, and saw 7 of its levels.

You collected 219 gold pieces.

Inventory:

Hand Weapons
 a - a +0 war axe
 k - a +0 flail of holy wrath
   (You took it off an orc on level 6 of the Dungeon)
 m - a +1 whip of electrocution (weapon)
   (You found it on level 4 of the Dungeon)
 p - a +2 dagger of venom
   (You found it on level 4 of the Dungeon)
 w - a +0 shortbow
   (You took it off a centaur on level 6 of the Dungeon)
Missiles
 i - 5 poisoned darts (quivered)
Armour
 c - a +0 buckler (worn)
 d - a +0 pair of gloves (worn)
   (You found it on level 4 of the Dungeon)
 e - a +0 plate armour
   (You took it off an orc warrior on level 6 of the Dungeon)
 g - the -2 helmet of Resilience {Rampage +Inv Will++ Slay+2}
   (You found it on level 7 of the Dungeon)

   Slay:      It affects your accuracy & damage with ranged weapons and melee
   (+2).
   +Inv:      It lets you turn invisible.
   Rampage:   It bestows one free step when moving towards enemies.
   Will:      It greatly increases your willpower.
 j - the +1 chain mail "Itrimn" (worn) {rPois rC+++ Regen+ Str-4}
   (You found it on level 3 of the Dungeon)

   Str:       It affects your strength (-4).
   rC:        It renders you almost immune to cold.
   rPois:     It protects you from poison.
   Regen:     It increases your rate of health regeneration.
Magical Staves
 f - a staff of death
   (You found it on level 1 of the Dungeon)
Wands
 u - a wand of polymorph (9)
   (You found it on level 5 of the Dungeon)
Scrolls
 b - a scroll of noise {unknown}
 h - a scroll of immolation
 l - a scroll of poison {unknown}
 n - a scroll of silence {unknown}
 o - a scroll of blinking {unknown}
 q - a scroll of teleportation {unknown}
 t - a scroll of enchant armour {unknown}
 v - a scroll of brand weapon {unknown}
 x - a scroll of vulnerability {unknown}


   Skills:
 - Level 8.0 Fighting
 + Level 7.2 Axes
 - Level 8.0 Armour
 - Level 4.0 Shields


You had 8 spell levels left.
You didn't know any spells.
Your spell library contained the following spells:

 Spells                   Type           Power      Damage    Failure   Level
 Freeze                   Ice            0%         1d3       99%         1
 Ensorcelled Hibernation  Hex/Ice        0%         N/A       100%        2
 Static Discharge         Conj/Air       0%         2-2/arc   100%        2
 Dazzling Flash           Conj/Hex       0%         N/A       100%        3
 Frozen Ramparts          Ice            0%         1d1       100%        3
 Hailstorm                Conj/Ice       0%         3d3       100%        3
 Spider Form              Tmut/Pois      0%         N/A       100%        3
 Volatile Blastmotes      Fire/Tloc      0%         2d10      100%        3
 Airstrike                Air            0%         2d(0-16)  100%        4
 Anguish                  Hex/Necr       0%         N/A       100%        4
 Iskenderun's Mystic Bla  Conj/Tloc      0%         2d3       100%        4
 Summon Lightning Spire   Summ/Air       0%         N/A       100%        4
 Starburst                Conj/Fire      0%         6d3       100%        6


Dungeon Overview and Level Annotations

Branches:
Dungeon (7/15) Zot: 2607   Temple (0/1) D:7

Altars:
Qazlal
Wu Jian
Yredelemnul

Shops:
D:1 *

Portals:
Bailey: D:7

Annotations:
D:4 2 transporters, PoweredByGinger's ghost, amateur MiBe


Innate Abilities, Weirdness & Mutations

You passively map the area around you.
You are easily found by Zot.
You glow in the dark.
You regain HP and MP as you explore.
You possess an exceptional clarity of mind.
Armour fits poorly on your strangely shaped body.
You are frail. (-10% HP)
Your spells are a little harder to cast, but a little more powerful.
You have hidden genetic potential.


Message History

You hit the orc.
The orc is heavily wounded.
You hear the faint creaking of a very distant portcullis.
The orc hits you but does no damage.
You hit the orc but do no damage.
The orc is heavily wounded.
The orc hits you but does no damage. The steam dragon breathes steam at you.
The ball of steam hits the orc!
The orc dies!
The ball of steam misses you.
You whack the orc!
You kill the orc!
You are engulfed in a cloud of scalding steam.
Things that are here:
a +0 flail; a +0 leather armour The steam dragon barely misses you.
The steam dragon claws you but does no damage.
You hit the steam dragon but do no damage.
You are engulfed in a cloud of scalding steam.
You take 7 damage, and have 65/72 hp.
You hit the steam dragon.
The steam dragon is lightly wounded.
The steam dragon bites you. The steam dragon claws you.
You take 3 damage, and have 62/72 hp.
You barely miss the steam dragon.
The steam dragon is lightly wounded.
The steam dragon barely misses you. The steam dragon claws you.
You take 4 damage, and have 58/72 hp.
You barely miss the steam dragon.
The steam dragon is lightly wounded.
The steam dragon bites you. The steam dragon claws you.
You take 7 damage, and have 51/72 hp.
You hit the steam dragon but do no damage.
The steam dragon is lightly wounded.
The steam dragon breathes steam at you. The ball of steam misses you.
You hit the steam dragon but do no damage.
The steam dragon is lightly wounded.
You are engulfed in a cloud of scalding steam.
The steam dragon barely misses you.
The steam dragon claws you but does no damage.
You whack the steam dragon!
Lightning courses through the steam dragon!
The steam dragon is severely wounded.
You are engulfed in a cloud of scalding steam.
The steam dragon bites you. You block the steam dragon's attack.
An orc comes into view. It is wielding a +0 trident.
You take 2 damage, and have 51/72 hp.
You hit the steam dragon.
Lightning courses through the steam dragon!
You kill the steam dragon!
Your Axes skill increases to level 7!
You are engulfed in a cloud of scalding steam.
You take 2 damage, and have 53/72 hp.
Found 9 gold pieces.
You regained 3 hp, and now have 56/72 hp.
You regained 4 hp, and now have 60/72 hp.
You regained 6 hp, and now have 66/72 hp.
You see here 16 gold pieces.
Health restored: 72 You now have 196 gold pieces (gained 16).
The orc hits you but does no damage.
An orc comes into view. It is wielding a +0 short sword.
You block the orc's attack.
You closely miss the orc.
An orc comes into view. It is wielding a +0 quarterstaff.
You block the orc's attack.
The orc shouts!
You whack the orc! Lightning courses through the orc!
You kill the orc!
Things that are here:
a +0 trident; 14 gold pieces You hit the orc but do no damage.
The orc hits you but does no damage.
You hit the orc but do no damage. You hit the orc but do no damage.
The orc hits you but does no damage.
You hit the orc.
The orc is severely wounded.
The orc barely misses you.
You hit the orc. Lightning courses through the orc!
You kill the orc!
The orc barely misses you. The orc barely misses you.
Things that are here:
a +0 short sword; a +0 ring mail; an orc corpse You barely miss the orc.
The orc barely misses you.
You closely miss the orc. The orc hits you but does no damage.
You hit the orc but do no damage. The orc barely misses you.
You closely miss the orc. The orc barely misses you.
You barely miss the orc. You closely miss the orc.
The orc hits you but does no damage.
You hit the orc but do no damage. Lightning courses through the orc!
You kill the orc!
Things that are here:
a +0 quarterstaff; a +0 leather armour; an orc corpse You now have 210 gold pieces (gained 14).
You see here a +0 trident.
You now have 219 gold pieces (gained 9).
You hear the creaking of a distant portcullis.
An orc wizard comes into view. It is wielding a +0 dagger.
The orc wizard shouts!
You hear a shout!
An orc comes into view. It is wielding a +0 dagger.
An orc priest comes into view. It is wielding a +0 whip.
An orc warrior comes into view. It is wielding a +0 glaive.
You closely miss the orc wizard.
The orc warrior shouts!
The orc priest looks encouraged for a moment.
The orc wizard hits you with a +0 dagger.
You take 3 damage, and have 69/72 hp.
You barely miss the orc wizard. You block the orc wizard's attack.
You hit the orc wizard.
The orc wizard is lightly wounded.
The orc priest invokes the aid of Beogh against you.
Beogh smites you!
The orc wizard points at you and mumbles some strange words.
The puff of flame hits you!
You take 22 damage, and have 48/72 hp.
MASSIVE DAMAGE!!
You hit the orc wizard.
The orc wizard is lightly wounded.
The orc wizard mumbles some strange words.
The orc wizard flickers and vanishes!
Deactivating autopickup; reactivate with Ctrl-A.
You hit the orc.
The orc is severely wounded.
The orc barely misses you. You block something's attack.
You barely miss the orc.
The orc is heavily wounded.
The orc hits you but does no damage. Something hits you.
You take 2 damage, and have 48/72 hp.
You hit the orc.
The orc is severely wounded.
The orc hits you but does no damage.
The orc priest calls down the wrath of Beogh upon you.
Beogh smites you! Something hits you.
The orc warrior hits you but does no damage.
You take 11 damage, and have 37/72 hp.
You barely miss the orc.
The orc is severely wounded.
The orc hits you with a +0 dagger.
The orc priest calls down the wrath of Beogh upon you.
Beogh smites you! Something hits you but does no damage.
The orc warrior barely misses you.
You take 12 damage, and have 25/72 hp.
The orc priest mumbles some strange prayers to Beogh against you.
Beogh smites you!
* * * LOW HITPOINT WARNING * * *
Something hits you.
* * * LOW HITPOINT WARNING * * *
The orc warrior hits you from afar with a +0 glaive!
You die...

...#*****,****** #)..# *,#*
####,,,*,,.#,,,* #...# *,**
*,⌠,,,⌠...>,* #...# *,**
*###,,,*,,,#..,* ###...### *,,*
#..#*****,*##.######.......# ****
<..#,,,*,,,#...#........##.# *,
####,⌠,,,⌠,#.⌠.oo.##.#..##.# ****
# *,,,*,,,*,,.#{o##.......#**,*,
#**************#@......#.....,,+,
..,,**,* #........#........#*,*,
#...,,,* #........#.........****
*####*** #..................,**,
##.#####.####....##**** #.*
#.#***....# ****
#,****#.#,,,....# *,,,
*,,,,,..#,,,,...# *,*,
**,,,****,,,,,,,* *,*,


You could see an orc warrior, an orc priest and an orc.

Vanquished Creatures
  A golden eye (D:7)
  A steam dragon (D:7)
  Menkaure (D:4)
  2 ice beasts (D:6)
  2 orc warriors
  A black bear (D:5)
  An ogre (D:4)
  A centaur (D:6)
  A phantom (D:4)
  4 hounds
  2 orc priests
  2 iguanas (D:5)
  An orc wizard (D:7)
  2 adders
  4 gnolls (D:5)
  3 shadow imps (D:6)
  3 ufetubi
  A dart slug (D:1)
  13 orcs
  A ball python (D:4)
  A bat (D:1)
  6 endoplasms
  2 giant cockroaches
  A goblin (D:1)
  A hobgoblin (D:1)
  A quokka (D:1)
  2 frilled lizards
  2 kobolds (D:3)
  3 rats
66 creatures vanquished.

Vanquished Creatures (others)
  An orc (D:7)
1 creature vanquished.

Grand Total: 67 creatures vanquished

Notes
Turn   | Place    | Note
-------+----------+-------------------------------------------
     0 | D:1      | mdonais the Meteoran Fighter began the quest for the Orb.
     0 | D:1      | Reached XP level 1. HP: 19/19 MP: 2/2
    30 | D:1      | Found Boeng's Assorted Antiques.
    40 | D:1      | Reached XP level 2. HP: 26/26 MP: 3/3
   215 | D:2      | Reached XP level 3. HP: 31/31 MP: 4/4
   280 | D:3      | Identified the +1 chain mail "Itrimn" {rPois rC+++ Regen+
                  | Str-4}
   454 | D:4      | Noticed an ogre
   456 | D:4      | Noticed Menkaure
   468 | D:4      | Killed an ogre
   469 | D:4      | Reached XP level 4. HP: 39/41 MP: 5/5
   469 | D:4      | Reached XP level 5. HP: 45/47 MP: 6/6
   472 | D:4      | Killed Menkaure
   473 | D:4      | Reached skill level 5 in Fighting
   473 | D:4      | Reached skill level 5 in Armour
   473 | D:4      | Reached XP level 6. HP: 25/56 MP: 7/7
   496 | D:4      | Found a transporter.
   501 | D:4      | Noticed PoweredByGinger's ghost (amateur MiBe)
   538 | D:4      | Reached XP level 7. HP: 60/62 MP: 8/8
   563 | D:4      | Found an ornate altar of the Wu Jian Council.
   650 | D:4      | Found a transporter.
   726 | D:5      | Entered Level 5 of the Dungeon
   983 | D:6      | Reached XP level 8. HP: 62/73 MP: 9/9
  1061 | D:6      | Gained mutation: Armour fits poorly on your strangely
                  | shaped body. [potion of mutation]
  1061 | D:6      | Gained mutation: You are frail. (-10% HP) [potion of
                  | mutation]
  1061 | D:6      | Gained mutation: Your spells are a little harder to cast,
                  | but a little more powerful. [potion of mutation]
  1061 | D:6      | Gained mutation: You have hidden genetic potential. [potion
                  | of mutation]
  1287 | D:6      | Found a runed translucent door.
  1287 | D:6      | Noticed a human
  1290 | D:6      | Found a basalt altar of Yredelemnul.
  1363 | D:7      | Found a flagged portal.
  1376 | D:7      | Found a stormy altar of Qazlal.
  1417 | D:7      | Reached skill level 5 in Axes
  1417 | D:7      | Gained mutation: You passively map the area around you.
                  | [Meteoran growth]
  1417 | D:7      | Reached XP level 9. HP: 67/72 MP: 10/10
  1424 | D:7      | Noticed a hornet
  1430 | D:7      | Paralysed by a hornet for 1 turns
  1435 | D:7      | a hornet changed into a golden eye
  1473 | D:7      | Gained mutation: You possess an exceptional clarity of
                  | mind. [hidden potential]
  1492 | D:7      | Identified the -2 helmet of Resilience {Rampage +Inv Will++
                  | Slay+2}
  1560 | D:7      | Mangled by an orc warrior

Illustrated notes

Levels and vault maps discovered:
D:1:      minmay_arrival_checkered_box, layout_basic, serial_shops,
          nicolae_shop_overgrown_old_shop, minmay_tetromino_t4
D:2:      layout_loops_ring, uniq_terence
D:3:      layout_loops_ring
D:4:      layout_basic, amcnicky_altar_gilded, gammafunk_ghost_stat_death,
          uniq_menkaure
D:5:      layout_loops_ring, nicolae_stop_n_shop_2, uniq_crazy_yiuf_cottage
D:6:      layout_basic, dk_yredelemnul_ordeal, serial_demonic, serial_demonic_g,
          serial_demonic_d, serial_demonic_a, serial_demonic_b
D:7:      layout_loops_cross, grunt_temple_overflow_diamond,
          lemuel_crystal_altar, minmay_temple_entry_nine_rooms,
          gammafunk_ghost_gnarly_gnolls, enter_bailey_1

Skill      XL: |  1  2  3  4  5  6  7  8  9 |
---------------+----------------------------+-----
Axes           | 3 5 7 |  7.2
Shields        | 4 |  4.0
Fighting       | 4 5 7 8 |  8.0
Armour         | 4 5 6 7 8 |  8.0

Action                     |  1- 3 |  4- 6 |  7- 9 || total
---------------------------+-------+-------+-------++-------
  Melee: War axe           |    49 |    19 |     3 ||    71
         Short sword       |     7 |    17 |     6 ||    30
         Whip              |       |       |   245 ||   245
  Throw: Dart              |       |       |     1 ||     1
  Evoke: Wand              |       |       |     1 ||     1
    Use: Potion            |     1 |       |     4 ||     5
         Scroll            |       |       |     4 ||     4
 Armour: Scale mail        |    17 |       |       ||    17
         Chain mail        |    14 |    21 |   228 ||   263
  Dodge: Dodged            |    10 |    11 |   100 ||   121
  Block: Buckler           |    14 |    11 |    76 ||   101
